 Dungeon Crawl Stone Soup version 0.31-b1-17-gcfd88c8481 (webtiles) character file.

Game seed: 15635905869260936277

130199 cowcol the Slayer (level 16, -9/261 HPs)
             Began as a Minotaur Fighter on Jan 15, 2024.
             Was a High Priest of Okawaru.
             Mangled by a spriggan berserker
             ... wielding a +1 antimagic broad axe
              (33 damage)
             ... on level 2 of the Depths.
             The game lasted 01:32:07 (33148 turns).

cowcol the Slayer (Minotaur Fighter)               Turns: 33148, Time: 01:32:08

Health: -9/261     AC: 23    Str: 32    XL:     16   Next: 52%
Magic:  3/28       EV: 12    Int: 10    God:    Okawaru [*****.]
Gold:   1746       SH: 13    Dex: 14    Spells: 15/15 levels left

rFire   + + +        T - +3 broad axe of Spontaneous Combustion {flame, Int+3}
rCold   . . .        W - +0 kite shield
rNeg    + + +        X - +0 plate armour {Will+}
rPois   .            (helmet restricted)
rElec   +            J - scarf "Kyde" {repulsion, rN+ Dex+2}
rCorr   .            j - +1 pair of gloves
SInv    +            E - +0 pair of boots of Qatul {^Contam rF+++ rN+ MP+9}
Will    ++...        I - amulet of regeneration Stlth
                     u - ring "Axoleps" {Fly rElec rN++ Str+3 Dex-2}
HPRegen 1.43/turn    O - ring "Kilelu" {rElec Str+6 SInv}
MPRegen 0.21/turn

%: repel missiles
@: berserking, heroic, flying, very quick
A: horns 2, retaliatory headbutt
a: Renounce Religion, Heroism, Finesse, Duel


You were on level 2 of the Depths.
You worshipped Okawaru.
Okawaru was extremely pleased with you.
You visited 6 branches of the dungeon, and saw 26 of its levels.
You visited 1 bazaar.
You also visited: Sewer and Bailey.

You collected 4266 gold pieces.
You spent 2520 gold pieces at shops.

Inventory:

Hand Weapons
 g - the +8 trishula "Condemnation" {holy, anguish, *Noise Fly rN+}
   (You took it off an orc in a bailey)

   rN+:       It protects you from negative energy.
   Fly:       It grants you flight.
   *Noise:    It may make a loud noise when swung.
 l - a +4 antimagic battleaxe
 H - a +8 broad axe of protection
 M - the +16 obsidian axe {drain, demonic, Mesm ^Drain Fly SInv}
   (You found it on level 3 of the Lair of Beasts)

   Mesm:      Its wielder is mesmerised by any visible foes, and it cannot be
   unequipped while any foes are visible.
   SInv:      It lets you see invisible.
   Fly:       It grants you flight.
   ^Drain:    It drains your maximum health when unequipped.
 T - the +3 broad axe of Spontaneous Combustion (weapon) {flame, Int+3}
   (Okawaru gifted it to you on level 3 of the Lair of Beasts)

   Int+3:     It affects your intelligence (+3).
Missiles
 m - 20 poisoned darts (quivered)
 D - 25 boomerangs
Armour
 j - a +1 pair of gloves (worn)
 E - the +0 pair of boots of Qatul (worn) {^Contam rF+++ rN+ MP+9}
   (Okawaru gifted it to you on level 3 of the Lair of Beasts)

   rF+++:     It renders you almost immune to fire.
   rN+:       It protects you from negative energy.
   MP+9:      It affects your magic capacity (+9).
   ^Contam:   It causes magical contamination when unequipped.
 J - the scarf "Kyde" (worn) {repulsion, rN+ Dex+2}
   (You acquired it in a bailey)

   Dex+2:     It affects your dexterity (+2).
   rN+:       It protects you from negative energy.
 W - a +0 kite shield (worn)
 X - a +0 plate armour of willpower (worn)
Jewellery
 o - the ring of Uxki {rElec rF+}
   (You bought it in a shop on level 2 of the Orcish Mines)

   [ring of protection from fire]

   rF+:       It protects you from fire.
   rElec:     It insulates you from electricity.
 t - a ring of positive energy
 u - the ring "Axoleps" (left hand) {Fly rElec rN++ Str+3 Dex-2}
   (You found it on level 13 of the Dungeon)

   [ring of flight]

   Str+3:     It affects your strength (+3).
   Dex-2:     It affects your dexterity (-2).
   rElec:     It insulates you from electricity.
   rN++:      It greatly protects you from negative energy.
   Fly:       It grants you flight.
 B - a ring of protection from cold
 I - an amulet of regeneration (around neck)
 L - a ring of flight
 O - the ring "Kilelu" (right hand) {rElec Str+6 SInv}
   (You bought it in a shop on level 2 of the Orcish Mines)

   [ring of strength]

   Str+6:     It affects your strength (+6).
   rElec:     It insulates you from electricity.
   SInv:      It lets you see invisible.
 P - a ring of willpower
Wands
 v - a wand of digging (4)
 S - a wand of roots (2)
 V - a wand of flame (29)
Scrolls
 b - 2 scrolls of fog
 c - 2 scrolls of poison
 i - 11 scrolls of teleportation
 n - 4 scrolls of immolation
 x - 7 scrolls of revelation
 y - 2 scrolls of silence
 z - 5 scrolls of fear
 G - a scroll of blinking
 N - 2 scrolls of torment
 Q - a scroll of butterflies
 U - 3 scrolls of identify
Potions
 a - a potion of experience {unknown}
 e - 5 potions of haste
 h - 4 potions of enlightenment
 k - 3 potions of invisibility
 p - 3 potions of curing
 q - 7 potions of mutation
 r - a potion of ambrosia {unknown}
 s - a potion of resistance
 w - a potion of berserk rage
 A - 2 potions of magic
 C - 3 potions of might
 F - 2 potions of heal wounds
 R - a potion of attraction
 Y - a potion of cancellation {unknown}
 Z - 2 potions of lignification {unknown}
Miscellaneous
 d - a tin of tremorstones (2/2)
 f - a lightning rod (4/4)
 K - a box of beasts


   Skills:
 + Level 24.2(27) Fighting
 + Level 18.9(23.9) Axes
 + Level 2.3(7.3) Throwing
 + Level 14.5(19.5) Armour
 + Level 3.3(8.3) Dodging
 + Level 8.5(13.5) Shields
 - Level 6.0 Invocations


You had 15 spell levels left.
You didn't know any spells.
Your spell library contained the following spells:

 Spells                   Type           Power      Damage    Failure   Level
 Apportation              Tloc           0%         N/A       90%         1
 Magic Dart               Conj           0%         1d3       90%         1
 Necrotise                Necr           0%         1d4       90%         1
 Sandblast                Erth           0%         2d4       90%         1
 Slow                     Hex            0%         N/A       90%         1
 Sting                    Conj/Alch      0%         1d3       90%         1
 Blink                    Tloc           0%         N/A       97%         2
 Cigotuvi's Dreadful Rot  Necr/Alch/Air  0%         N/A       97%         2
 Jinxbite                 Hex            0%         N/A       97%         2
 Searing Ray              Conj           0%         2d4       97%         2
 Confusing Touch          Hex            0%         N/A       99%         3
 Frozen Ramparts          Ice            0%         1d1       99%         3
 Inner Flame              Hex/Fire       0%         N/A       99%         3
 Passwall                 Erth           0%         N/A       99%         3
 Sigil of Binding         Hex            0%         N/A       99%         3
 Stone Arrow              Conj/Erth      0%         3d7       99%         3
 Vampiric Draining        Necr           0%         2d6       99%         3
 Brom's Barrelling Bould  Conj/Erth      0%         2d3       100%        4
 Dimensional Bullseye     Hex/Tloc       0%         N/A       100%        4
 Flame Wave               Conj/Fire      0%         2d4       100%        4
 Fulminant Prism          Conj/Alch      0%         3d5       100%        4
 Ignite Poison            Fire/Alch      0%         N/A       100%        4
 Iskenderun's Mystic Bla  Conj/Tloc      0%         2d3       100%        4
 Leda's Liquefaction      Alch/Erth      0%         N/A       100%        4
 Petrify                  Alch/Erth      0%         N/A       100%        4
 Sticky Flame             Fire/Alch      0%         2d4       100%        4
 Vhi's Electric Charge    Tloc/Air       0%         N/A       100%        4
 Arcjolt                  Conj/Air       0%         1d10      100%        5
 Freezing Cloud           Conj/Ice/Air   0%         6-21      100%        5
 Metabolic Englaciation   Hex/Ice        0%         N/A       100%        5
 Maxwell's Capacitive Co  Air            0%         ∞         100%        8
 Fire Storm               Conj/Fire      0%         5d1       100%        9
 Summon Small Mammal      Summ           Unusable   N/A       N/A         1
 Call Imp                 Summ           Unusable   N/A       N/A         2
 Tukima's Dance           Hex            Unusable   N/A       N/A         3

Dungeon Overview and Level Annotations

Branches:
Dungeon (15/15)            Temple (1/1) D:6            Lair (5/5) D:10
  Swamp (0/4) Lair:3       Spider (1/4) Lair:2        Slime (0/5) Lair:4
    Orc (2/2) D:10            Elf (0/3) Orc:2        Vaults (0/5) D:13
 Depths (2/4) D:15          Sewer (visited)          Bailey (visited)

Altars:
Ashenzari
Cheibriados
Dithmenos
Elyvilon
Fedhas
Gozag
Hepliaklqana
Kikubaaqudgha
Makhleb
Nemelex Xobeh
Okawaru
Qazlal
Ru
Sif Muna
Trog
Uskayaw
Vehumet
Wu Jian
Xom
Yredelemnul
Zin
The Shining One

Shops:
D:2 (   D:4 !*   D:9 (   D:10 ([   Orc:2 ::*=   Depths:1 *:(:

Portals:
Hell: Depths:1 Depths:2
Pandemonium: Depths:1 Depths:2

Annotations:
D:9 2 transporters, SkeletonJelly's ghost, novice DDFi


Innate Abilities, Weirdness & Mutations

You have a pair of horns on your head.
You reflexively headbutt those who attack you in melee.


Message History

The spriggan berserker goes berserk!
Items here: ( ) [[.
You feel sick.
The spriggan berserker rages.
The spriggan berserker attacks as it pursues you!
The spriggan berserker hits you with a +1 antimagic broad axe!!
* * * LOW HITPOINT WARNING * * *
You feel your power leaking away.
The spriggan berserker hits you with a +1 antimagic broad axe!!
* * * LOW HITPOINT WARNING * * *
You feel your power leaking away.
Blink to where?
Press: ? - help, Dir - move target
As you read the scroll of blinking, it crumbles to dust.
You feel sick.
Blink to where?
Press: ? - help, Dir - move target
As you read the scroll of blinking, it crumbles to dust.
You feel sick.
Blink to where?
Press: ? - help, Dir - move target
As you read the scroll of blinking, it crumbles to dust.
You feel sick.
You feel sick.
You are no longer poisoned.
A red film seems to cover your vision as you go berserk!
You feel yourself moving faster!
You feel mighty!
You slash the spriggan berserker! You burn the spriggan berserker.
The spriggan berserker is lightly wounded.
The spriggan berserker hits you with a +1 antimagic broad axe.
* * * LOW HITPOINT WARNING * * *
You slice the spriggan berserker!! You burn the spriggan berserker!
Your headbutt misses the spriggan berserker.
The spriggan berserker is heavily wounded.
Unknown command.
You closely miss the spriggan berserker.
You headbutt the spriggan berserker!!
The spriggan berserker is almost dead.
The spriggan berserker hits you with a +1 antimagic broad axe!!
You die...

*,******#..#...#..#.#
*,,,,,,,#..#......#.#
*****####..########.#
#.....# #.# #.###.#
#.# #########.# #.#
#§# .)........# #.#
#.# #########.#
#.########.# #.#
#...@i.....# #.#
#.########## ### ###


You could see a spriggan berserker (berserk).

Vanquished Creatures
  2 hellephants (D:13)
  A quicksilver dragon (Depths:1)
  A tengu reaver (Depths:1)
  2 fire giants (Depths:1)
  A frost giant (Depths:1)
  A balrug (Orc:1)
  An orc warlord (Bailey)
  An ironbound preserver (D:13)
  A spriggan defender (Depths:2)
  Nessos (Lair:3)
  3 stone giants
  Snorg (Lair:3)
  A green death (Depths:1)
  An entropy weaver (D:13)
  4 fire dragons
  An ettin (D:15)
  An ice dragon (Depths:1)
  2 rakshasas
  A spriggan air mage (Depths:1)
  4 centaur warriors
  A catoblepas (D:14)
  Harold (D:9)
  3 hydras
  A hell beast (Depths:2)
  A merfolk avatar (Lair:5)
  2 ogre magi (Orc:2)
  14 two-headed ogres
  6 deep troll shamans (Depths:2)
  Erica (D:9)
  2 boulder beetles
  2 hell hogs (D:13)
  A demonic crawler (Spider:1)
  2 tengu warriors
  4 death yaks (Lair:5)
  Urug (D:10)
  A deep troll earth mage (Depths:2)
  The ghost of middlethird the Grappler, a journeyman VSSh of Cheibriados (Lair:2)
  2 spriggan berserkers
  3 sun demons
  Nergalle (Lair:2)
  2 spriggans (Depths:1)
  7 skysharks
  4 skeletal warriors (D:12)
  2 iron trolls (Depths:2)
  A pharaoh ant (Spider:1)
  8 deep trolls
  3 harpies (Lair:5)
  A sea snake (Lair:5)
  2 necromancers (D:15)
  3 deep elf pyromancers
  An orc knight (D:15)
  2 orc sorcerers
  2 ugly things (D:11)
  A wolf spider (Lair:2)
  A manticore (D:11)
  5 cyclopes
  A meliai (shapeshifter) (D:13)
  3 black mambas
  2 kobold blastminers (Orc:1)
  23 elephants
  15 cane toads
  A torpor snail (Lair:5)
  A rime drake (Lair:5)
  15 komodo dragons
  A kobold demonologist (D:9)
  A freezing wraith (D:14)
  A yaktaur (D:15)
  2 tengu conjurers (D:14)
  A polar bear (Lair:5)
  13 trolls
  A wind drake (Lair:5)
  4 dream sheep (Lair:5)
  A snapping turtle (Lair:5)
  7 hornets
  34 blink frogs
  4 tarantellas (Spider:1)
  3 jumping spiders (Spider:1)
  3 slime creatures (D:14)
  A culicivora (Spider:1)
  3 shadows
  Sigmund (D:4)
  45 yaks
  3 wyverns
  2 steam dragons
  4 basilisks
  5 wargs
  12 vampire mosquitoes
  A redback (Spider:1)
  2 acid dragons
  12 water moccasins
  12 hell hounds
  29 orc warriors
  An ice beast (D:6)
  A black bear (D:8)
  2 laughing skulls (D:12)
  A sky beast (D:8)
  18 ogres
  17 centaurs
  7 wolves
  A phantom (D:7)
  4 kobold brigands
  12 bullfrogs
  5 scorpions
  2 gnoll sergeants
  3 wights (D:10)
  5 killer bees
  3 howler monkeys
  A bombardier beetle (D:4)
  16 orc priests
  3 hounds
  4 jellies (Sewer)
  26 orc wizards
  4 iguanas
  4 hell rats (Lair:5)
  11 adders
  21 gnolls
  2 river rats
  2 shadow imps (D:5)
  A white imp (D:7)
  2 ribbon worms
  4 dart slugs
  76 orcs
  10 ball pythons
  2 bats (D:1)
  9 endoplasms
  10 giant cockroaches
  14 goblins
  19 hobgoblins
  19 kobolds
  2 quokkas
  4 frilled lizards
  A goblin skeleton (D:5)
  A goblin zombie (D:5)
  7 hobgoblin zombies (D:5)
  A kobold skeleton (D:5)
  A kobold zombie (D:5)
  9 rats
763 creatures vanquished.

Vanquished Creatures (others)
  An orc wizard (D:9)
1 creature vanquished.

Grand Total: 764 creatures vanquished

Notes
Turn   | Place    | Note
-------+----------+-------------------------------------------
     0 | D:1      | cowcol the Minotaur Fighter began the quest for the Orb.
     0 | D:1      | Reached XP level 1. HP: 19/19 MP: 0/0
   123 | D:1      | Reached XP level 2. HP: 27/27 MP: 1/1
   145 | D:1      | Found a faded altar of an unknown god.
   458 | D:1      | Reached skill level 4 in Fighting
   860 | D:2      | Found Rieto's Weapon Emporium.
   890 | D:2      | Reached XP level 3. HP: 29/33 MP: 2/2
  1634 | D:3      | Reached XP level 4. HP: 41/41 MP: 3/3
  1651 | D:3      | Found a hazy altar of Hepliaklqana.
  1655 | D:3      | Found a bloodstained altar of Trog.
  1660 | D:3      | Found a basalt altar of Yredelemnul.
  1758 | D:3      | Found a sacrificial altar of Ru.
  2391 | D:4      | Found Dorisawk's Fire Supplies.
  2512 | D:4      | Found Woosmez's Distillery.
  2534 | D:4      | Bought a potion of mutation for 96 gold pieces
  2539 | D:4      | Reached XP level 5. HP: 47/47 MP: 4/4
  2675 | D:4      | Reached skill level 5 in Axes
  2675 | D:4      | Reached skill level 5 in Armour
  2675 | D:4      | Reached skill level 1 in Dodging
  2963 | D:4      | Found a white marble altar of Elyvilon.
  3024 | D:4      | Noticed Sigmund
  3041 | D:4      | Killed Sigmund
  3042 | D:4      | Reached skill level 5 in Fighting
  3042 | D:4      | Reached XP level 6. HP: 52/56 MP: 5/5
  3264 | D:4      | Found a burning altar of Makhleb.
  3488 | D:5      | Entered Level 5 of the Dungeon
  3718 | D:5      | Reached XP level 7. HP: 40/61 MP: 6/6
  4004 | D:5      | Found a shimmering blue altar of Sif Muna.
  4383 | D:5      | Found a glowing golden altar of the Shining One.
  4801 | D:6      | Found a glowing drain.
  4827 | Sewer    | Entered a sewer
  4972 | Sewer    | Reached XP level 8. HP: 62/70 MP: 7/7
  4973 | Sewer    | Found a viscous altar of Jiyva.
  5007 | Sewer    | Reached skill level 6 in Fighting
  5595 | D:6      | Found a staircase to the Ecumenical Temple.
  5602 | Temple   | Entered the Ecumenical Temple
  5680 | Temple   | Became a worshipper of Warmaster Okawaru
  6137 | D:7      | Found a flagged portal.
  6161 | Bailey   | Entered a bailey
  6807 | Bailey   | Reached skill level 10 in Axes
  6873 | Bailey   | Reached * piety under Okawaru
  6884 | Bailey   | Reached skill level 7 in Fighting
  7013 | Bailey   | Reached XP level 9. HP: 56/79 MP: 8/8
  7119 | Bailey   | Noticed an orc warlord
  7142 | Bailey   | Killed an orc warlord
  7142 | Bailey   | Reached ** piety under Okawaru
  7143 | Bailey   | Reached skill level 8 in Fighting
  7460 | Bailey   | Acquired the scarf "Kyde" {repulsion, rN+ Dex+2}
  7965 | D:7      | Reached *** piety under Okawaru
  7966 | D:7      | Reached XP level 10. HP: 63/90 MP: 10/10
  8354 | D:7      | Found an opulent altar of Gozag.
  8394 | D:7      | Got the Spellbook of Incineration and Enchantment
  9040 | D:8      | Reached skill level 9 in Fighting
  9040 | D:8      | Reached skill level 1 in Throwing
  9086 | D:8      | Reached **** piety under Okawaru
  9087 | D:8      | Reached skill level 10 in Armour
  9391 | D:8      | Noticed a two-headed ogre
  9403 | D:8      | Killed a two-headed ogre
 10643 | D:9      | Noticed a sun demon
 11033 | D:9      | Noticed Harold
 11043 | D:9      | Killed Harold
 11044 | D:9      | Reached XP level 11. HP: 97/97 MP: 10/13
 11052 | D:9      | Noticed Erica
 11075 | D:9      | Killed Erica
 11478 | D:9      | Found a transporter.
 11478 | D:9      | Identified the +3 dire flail of Sahi {freeze, rPois Int-4
                  | Dex+2}
 11478 | D:9      | Noticed a two-headed ogre
 11480 | D:9      | Noticed a two-headed ogre
 11481 | D:9      | Noticed a two-headed ogre
 11481 | D:9      | Noticed a two-headed ogre
 11484 | D:9      | Noticed SkeletonJelly's ghost (novice DDFi)
 11486 | D:9      | Noticed a two-headed ogre
 11559 | D:9      | Found Lirozir's Antique Weapon Emporium.
 11847 | D:9      | Found a transporter.
 11928 | D:10     | Entered Level 10 of the Dungeon
 12220 | D:10     | Noticed Urug
 12227 | D:10     | Killed Urug
 12327 | D:10     | Found Pontos Ezops's Armour Emporium.
 12327 | D:10     | Found a staircase to the Orcish Mines.
 12330 | D:10     | Found Aneapos's Weapon Emporium.
 12356 | D:10     | Bought a +0 kite shield for 63 gold pieces
 12377 | D:10     | Bought a +0 plate armour of willpower for 420 gold pieces
 12482 | D:10     | Reached skill level 10 in Fighting
 12600 | D:10     | Found a staircase to the Lair.
 12773 | Lair:1   | Entered Level 1 of the Lair of Beasts
 12809 | Lair:1   | Identified the +1 leather armour of Baop Wiv {Rampage rN++}
 13036 | Lair:1   | Reached skill level 15 in Axes
 13442 | Lair:1   | Reached ***** piety under Okawaru
 13779 | Lair:1   | Reached skill level 5 in Shields
 14560 | Lair:2   | Noticed Nergalle
 14567 | Lair:2   | Reached XP level 12. HP: 108/108 MP: 11/14
 14573 | Lair:1   | Reached skill level 11 in Fighting
 14589 | Lair:2   | Killed Nergalle
 14589 | Lair:2   | Received a gift from Okawaru
 14794 | Lair:2   | Reached ****** piety under Okawaru
 14794 | Lair:2   | Received a gift from Okawaru
 15044 | Lair:2   | Reached skill level 12 in Fighting
 15096 | Lair:2   | Noticed middlethird's ghost (journeyman VSSh)
 15100 | Lair:2   | Found a runed translucent door.
 15111 | Lair:2   | Killed middlethird's ghost
 15269 | Lair:2   | Found a hole to the Spider Nest.
 15622 | Lair:3   | Acquired the +0 pair of boots of Qatul {^Contam rF+++ rN+
                  | MP+9}
 15622 | Lair:3   | Received a gift from Okawaru
 15657 | Lair:3   | Reached skill level 13 in Fighting
 15690 | Lair:3   | Found a staircase to the Swamp.
 15804 | Lair:3   | Noticed Snorg
 15812 | Lair:3   | Killed Snorg
 15812 | Lair:3   | Received a gift from Okawaru
 15815 | Lair:3   | Acquired the +3 broad axe of Spontaneous Combustion {flame,
                  | Int+3}
 15815 | Lair:3   | Received a gift from Okawaru
 16005 | Lair:3   | Reached XP level 13. HP: 117/123 MP: 15/15
 16120 | Lair:3   | Reached skill level 14 in Fighting
 16233 | Lair:3   | Found the +16 obsidian axe {drain, demonic, Mesm ^Drain Fly
                  | SInv}
 16235 | Lair:3   | Noticed Nessos
 16253 | Lair:3   | Killed Nessos
 17071 | Lair:4   | Received a gift from Okawaru
 17117 | Lair:4   | Reached skill level 15 in Fighting
 17122 | Lair:4   | Received a gift from Okawaru
 17385 | Lair:4   | Found a staircase to the Slime Pits.
 17444 | Lair:4   | Reached skill level 16 in Fighting
 17636 | Lair:5   | Entered Level 5 of the Lair of Beasts
 17648 | Lair:5   | Received a gift from Okawaru
 17702 | Lair:5   | Reached skill level 17 in Fighting
 17780 | Lair:5   | Received a gift from Okawaru
 18337 | Lair:5   | Reached skill level 18 in Fighting
 18619 | Lair:5   | Reached XP level 14. HP: 130/144 MP: 16/16
 18731 | Lair:5   | Received a gift from Okawaru
 19350 | Lair:5   | Reached skill level 19 in Fighting
 19432 | Lair:5   | Received a gift from Okawaru
 19653 | Lair:5   | Acquired 965 gold pieces
 20949 | D:11     | Received a gift from Okawaru
 21334 | D:11     | Identified the +4 short sword of Urghon {flame, Str+5}
 21805 | Orc:1    | Entered Level 1 of the Orcish Mines
 22497 | Orc:2    | Entered Level 2 of the Orcish Mines
 22863 | Orc:2    | Found Zeotogh's Book Emporium.
 22864 | Orc:2    | Found Dosuclae's Jewellery Shoppe.
 22868 | Orc:2    | Received a gift from Okawaru
 22869 | Orc:2    | Reached skill level 5 in Invocations
 22872 | Orc:2    | Reached skill level 20 in Fighting
 24335 | Orc:2    | Received a gift from Okawaru
 24733 | Orc:2    | Found Dar Olas's Book Shop.
 24742 | Orc:2    | Found Zatax's General Store.
 24751 | Orc:2    | Bought a scroll of identify for 34 gold pieces
 24764 | Orc:2    | Bought an amulet of regeneration for 390 gold pieces
 24843 | Orc:2    | Reached skill level 21 in Fighting
 24846 | Orc:2    | Reached XP level 15. HP: 154/158 MP: 18/18
 24882 | Orc:2    | Found a staircase to the Elven Halls.
 25129 | Orc:2    | Bought the ring "Kilelu" {rElec Str+6 SInv} for 704 gold
                  | pieces
 25347 | Orc:1    | Found a runed translucent door.
 25446 | Orc:2    | Bought the ring of Uxki {rElec rF+} for 507 gold pieces
 26899 | D:13     | Found a gate to the Vaults.
 27022 | D:13     | Found a huge runed translucent gate.
 27022 | D:13     | Found a huge runed translucent gate.
 27022 | D:13     | Found a huge runed translucent gate.
 27022 | D:13     | Found a huge runed translucent gate.
 27022 | D:13     | Found a huge runed translucent gate.
 27022 | D:13     | Found a huge runed translucent gate.
 27030 | D:13     | Reached skill level 22 in Fighting
 27031 | D:13     | Found a huge runed translucent gate.
 27031 | D:13     | Found a huge runed translucent gate.
 27032 | D:13     | Found a huge runed translucent gate.
 27032 | D:13     | Found a huge runed translucent gate.
 27033 | D:13     | Found a huge runed translucent gate.
 27034 | D:13     | Found a huge runed translucent gate.
 27034 | D:13     | Found a huge runed translucent gate.
 27035 | D:13     | Found a huge runed translucent gate.
 27039 | D:13     | Found a huge runed translucent gate.
 27046 | D:13     | Found a huge runed translucent gate.
 27046 | D:13     | Found a huge runed translucent gate.
 27050 | D:13     | Found a huge runed translucent gate.
 27055 | D:13     | Found a huge runed translucent gate.
 27056 | D:13     | Found a huge runed translucent gate.
 27057 | D:13     | Found a huge runed translucent gate.
 27057 | D:13     | Found a huge runed translucent gate.
 27065 | D:13     | Found a huge runed translucent gate.
 27066 | D:13     | Found a huge runed translucent gate.
 27067 | D:13     | Found a huge runed translucent gate.
 27067 | D:13     | Found a huge runed translucent gate.
 27067 | D:13     | Found a huge runed translucent gate.
 27300 | D:13     | Found a huge runed translucent gate.
 27301 | D:13     | Found a huge runed translucent gate.
 27302 | D:13     | Found a huge runed translucent gate.
 27302 | D:13     | Found a huge runed translucent gate.
 27306 | D:13     | Found a huge runed translucent gate.
 27307 | D:13     | Found a huge runed translucent gate.
 27308 | D:13     | Found a huge runed translucent gate.
 27308 | D:13     | Found a huge runed translucent gate.
 27312 | D:13     | Found a huge runed translucent gate.
 27526 | D:13     | Noticed a hellephant
 27526 | D:13     | Noticed a hellephant
 27965 | D:13     | Killed a hellephant
 27984 | D:13     | Killed a hellephant
 28118 | D:13     | Identified the ring "Axoleps" {Fly rElec rN++ Str+3 Dex-2}
 28562 | Spider:1 | Entered Level 1 of the Spider Nest
 29456 | D:14     | Reached skill level 23 in Fighting
 29681 | D:14     | Received a gift from Okawaru
 30321 | D:15     | Entered Level 15 of the Dungeon
 30630 | D:15     | Acquired 419 gold pieces
 30665 | D:15     | Found a staircase to the Depths.
 30880 | D:15     | Received a gift from Okawaru
 31232 | Depths:1 | Entered Level 1 of the Depths
 31250 | Depths:1 | Found Pephot's Weapon Shoppe.
 31250 | Depths:1 | Found Otuept's Book Emporium.
 31277 | Depths:1 | Found Quobicuj's General Store.
 31280 | Depths:1 | Found Lofikoq's Book Shoppe.
 31310 | Depths:1 | Noticed a fire giant
 31322 | Depths:1 | Killed a fire giant
 31323 | Depths:1 | Reached XP level 16. HP: 168/172 MP: 19/19
 31417 | Depths:1 | Found a one-way gate leading to the halls of Pandemonium.
 31475 | Depths:1 | Noticed a quicksilver dragon
 31489 | Depths:1 | Killed a quicksilver dragon
 31860 | Depths:1 | Noticed a tengu reaver
 31879 | Depths:1 | HP: 5/173 [tengu reaver/+0 great mace (7)]
 31883 | Depths:1 | Killed a tengu reaver
 32015 | Depths:1 | Found a gateway to Hell.
 32112 | Depths:1 | Received a gift from Okawaru
 32227 | Depths:1 | Found a glowing silver altar of Zin.
 32348 | Depths:1 | Found a stormy altar of Qazlal.
 32479 | Depths:2 | Identified the +1 leather armour of Wyoppof {^Contam rN++
                  | rCorr Slay-2}
 32480 | Depths:2 | Found a flickering gateway to a bazaar.
 32503 | Bazaar   | Entered a bazaar
 32616 | Bazaar   | Found Itautt's Armour Boutique.
 32634 | Bazaar   | Found Cawye's Antique Weapon Emporium.
 32651 | Bazaar   | Found Arumag Qinits's General Store.
 32668 | Bazaar   | Found Iclozy's Distillery.
 32673 | Bazaar   | Bought a potion of curing for 27 gold pieces
 32673 | Bazaar   | Bought a potion of heal wounds for 45 gold pieces
 32673 | Bazaar   | Bought a potion of invisibility for 72 gold pieces
 32673 | Bazaar   | Bought a potion of heal wounds for 45 gold pieces
 32673 | Bazaar   | Bought a potion of haste for 90 gold pieces
 32673 | Bazaar   | Bought a potion of curing for 27 gold pieces
 32726 | Depths:2 | Reached skill level 24 in Fighting
 33136 | Depths:2 | HP: 8/174 [spriggan berserker/+1 antimagic broad axe (30)]
 33148 | Depths:2 | Mangled by a spriggan berserker

Illustrated notes

Levels and vault maps discovered:
D:1:      lemuel_arrival_behind_the_door_small, layout_basic,
          basic_ecumenical_altar
D:2:      minmay_door_path, layout_loops_ring, serial_shops, shop,
          grunt_ministairs_13, amethyst_killhole
D:3:      layout_loops_ring, grunt_temple_overflow_diamond,
          mainiacjoe_overflow_24_doors
D:4:      cheibrodos_quashed, layout_cave_pools, lightli_temple_of_fire,
          mainiacjoe_overflow_alcove_4, serial_shops,
          nicolae_shop_industrial_runoff, serial_park, serial_park_tiny_2,
          serial_park_square1 [serial_park_minivault_5x5_5], serial_park_tiny_2,
          serial_park_tiny_2, serial_park_tiny_1, nicolae_shop_fire_sale
          [nicolae_sub_dead_trees], kennysheep_generic_room_9, uniq_sigmund
D:5:      layout_basic, lemuel_blue_sif_altar, nicolae_tso_besieged_by_evil
D:6:      layout_loops_ring, minmay_temple_entry_junction_2,
          portal_sewer_entry_a
D:7:      layout_basic, mainiacjoe_overflow_six_doors_small, enter_bailey_4,
          grunt_decor_mini_mirrors
D:8:      layout_basic, ebering_dispersal_statue_hall
D:9:      layout_long_grid, gammafunk_ghost_smash, serial_shops,
          nicolae_shop_behind_doors, reono_crystal_passage, uniq_harold,
          uniq_erica
D:10:     wander_river, layout_irregular_city, lair_entry_dummy, orc_david_3,
          uniq_urug
D:11:     layout_cave_pools, minmay_misc_feat_square
D:12:     minmay_evil_eye, layout_small_grid, grunt_ministairs_10,
          nooodl_orcs_dogs
D:13:     layout_long_grid, hellmonk_vaults_order_and_chaos, not_door_vault_due
D:14:     layout_loops_ring, roderic_serpentine_path
D:15:     hangedman_depths_entry_civil_slaughter, layout_irregular_city,
          grunt_decor_clamped, hangedman_decor_diamond_cutter
Temple:   nicolae_temple_bog_church
Lair:1:   layout_loops_ring, serial_bayou_shore_b
Lair:2:   layout_loops_ring, dummy_spider_entry, hellmonk_ghost_happy_afterlife,
          chequers_serial_rivers_micro_a, beast_lair_carwin_6, uniq_nergalle
Lair:3:   layout_misc_corridors, minmay_swamp_entry_swarm,
          dreamdust_deal_with_the_devil, uniq_snorg, uniq_nessos
Lair:4:   layout_cave_shapes, slime_entry_1, lemuel_fruit_fields,
          grunt_megastairs_2
Lair:5:   gammafunk_lair_ancient_temple, layout_regular_city, grunt_megastairs_5
Spider:1: layout_spider_delve, uniq_jorgrun
Orc:1:    dreamdust_dug_too_deep, layout_caves,
          nicolae_orc_takin'_care_of_business
Orc:2:    st_orc_open, layout_diamond_mine
Depths:1: layout_roguey, nicolae_qazlal_eye_of_the_storm,
          grunt_pan_entry_zigzag, hell_entry, zin_statuary, minmay_shoptagon,
          roderic_lattice_octagonal_star, firewood_loft
Depths:2: minmay_the_grid_octo_tiled_squarecenter_mashed
          [minmay_the_grid_octo_thin_diamonds, minmay_the_grid_octo_horde,
          minmay_the_grid_octo_shrine, minmay_the_grid_octo_teeth,
          minmay_the_grid_square_5x5_megaprize_open,
          minmay_the_grid_square_5x5_beaten_path,
          minmay_the_grid_square_5x5_seven,
          minmay_the_grid_square_5x5_two_walls_b,
          minmay_the_grid_square_5x5_minivault], layout_basic, enter_ziggurat_f,
          hell_entry, serial_shops, bzr_entry_islet, rand_demon_pan_entry_1,
          dk_noncrumbling_3, hangedman_decor_peaks_small

Skill      XL: |  1  2  3  4  5  6  7  8  9 10 11 12 13 14 15 16 |
---------------+-------------------------------------------------+-----
Shields        | 4 5 6 8 |  8.5
Armour         | 4 5 6 7 9 10 11 12 13 14 | 14.5
Fighting       | 4 5 7 8 9 10 13 18 21 23 24 | 24.2
Axes           | 3 4 6 8 10 12 14 16 18 | 18.9
Dodging        | 1 2 3 |  3.3
Invocations    | 2 4 5 6 |  6.0
Throwing       | 1 2 |  2.3

Action                     |  1- 3 |  4- 6 |  7- 9 | 10-12 | 13-15 | 16-18 || total
---------------------------+-------+-------+-------+-------+-------+-------++-------
  Melee: War axe           |    90 |   103 |   280 |       |       |       ||   473
         Headbutt          |    11 |    15 |    61 |    91 |   240 |    35 ||   453
         Broad axe         |       |       |    48 |   405 |   910 |   148 ||  1511
  Throw: Dart              |       |       |     4 |     8 |    21 |     1 ||    34
 Invoke: Heroism           |       |       |     1 |     9 |    19 |     7 ||    36
         Receive Weapon    |       |       |       |     1 |       |       ||     1
         Receive Armour    |       |       |       |     1 |       |       ||     1
  Evoke: Wand              |       |       |       |       |     2 |       ||     2
    Use: Scroll            |     3 |     2 |     8 |     8 |    16 |     4 ||    41
         Potion            |       |     1 |     2 |     1 |    11 |     6 ||    21
   Stab: Distracted        |     1 |       |       |       |       |       ||     1
 Armour: Scale mail        |    56 |    80 |    63 |       |       |       ||   199
         Chain mail        |       |       |   155 |    28 |       |       ||   183
         Plate armour      |       |       |       |   299 |   858 |   176 ||  1333
  Dodge: Dodged            |    44 |    26 |    92 |   119 |   292 |    46 ||   619
         Repelled          |       |       |       |       |     3 |     4 ||     7
  Block: Buckler           |    17 |    19 |    52 |    39 |       |       ||   127
         Kite shield       |       |       |       |   127 |   535 |    80 ||   742
